 Dungeon Crawl Stone Soup version 0.31-a0-246-g8cbcc1cb85 (webtiles) character file.

Game seed: 16421216122409376411

4504 kiwi3s the Cleaver (level 10, -1/138 HPs)
             Began as a Minotaur Berserker on June 30, 2023.
             Was an Elder of Trog.
             Slain by a very large slime creature (55 damage)
             ... on level 8 of the Dungeon on July 12, 2023.
             The game lasted 00:13:56 (7766 turns).

kiwi3s the Cleaver (Minotaur Berserker)             Turns: 7766, Time: 00:13:57

Health: -1/138     AC: 14    Str: 26    XL:     10   Next: 16%
Magic:  9/9        EV: 16    Int:  4    God:    Trog [****..]
Gold:   534        SH:  0    Dex: 10    Spells: 9/9 levels left

rFire   . . .        a - +0 hand axe
rCold   . . .        (no shield)
rNeg    . . .        x - +0 chain mail
rPois   +            (helmet restricted)
rElec   .            u - +0 cloak
rCorr   .            C - +0 pair of gloves
SInv    .            (no boots)
Will    .....        (no amulet) Stlth
                     l - +5 ring of evasion
HPRegen 0.43/turn    t - ring of poison resistance
MPRegen 0.11/turn

%: no passive effects
@: berserking, very quick
A: horns 2, retaliatory headbutt
a: Renounce Religion, Berserk, Trog's Hand, Brothers in Arms


You were on level 8 of the Dungeon.
You worshipped Trog.
Trog was greatly pleased with you.
You visited 1 branch of the dungeon, and saw 8 of its levels.
You also visited: Sewer.

You collected 534 gold pieces.

Inventory:

Hand Weapons
 a - a +0 hand axe (weapon)
 q - a +0 orcbow
 w - the +12 rapier of the New World {chaos, Fly rPois rF- Int+6}
   (You took it off a kobold on level 4 of the Dungeon)

   Int:       It affects your intelligence (+6).
   rF:        It makes you vulnerable to fire.
   rPois:     It protects you from poison.
   Fly:       It grants you flight.
Missiles
 s - 5 boomerangs
 J - a throwing net
Armour
 b - a +0 animal skin
 f - a +0 leather armour
 u - a +0 cloak (worn)
 x - a +0 chain mail (worn)
 A - a +0 plate armour
 C - a +0 pair of gloves (worn)
Jewellery
 l - a +5 ring of evasion (left hand)
 t - a ring of poison resistance (right hand)
 v - a ring of magical power
 z - a +6 ring of intelligence
Scrolls
 c - 3 scrolls of fog
 d - 2 scrolls of amnesia {unknown}
 e - a scroll of fear
 g - 3 scrolls of blinking {unknown}
 h - a scroll of silence {unknown}
 k - 6 scrolls of identify {unknown}
 r - 2 scrolls of enchant weapon {unknown}
 y - 3 scrolls of teleportation
 B - a scroll of noise {unknown}
 E - a scroll of brand weapon {unknown}
 F - a scroll of revelation {unknown}
 I - a scroll of immolation {unknown}
Potions
 i - a potion of might {unknown}
 j - 3 potions of invisibility {unknown}
 m - 3 potions of mutation {unknown}
 n - a potion of haste
 o - a potion of berserk rage {unknown}
 p - 2 potions of curing {unknown}
 D - 3 potions of degeneration {unknown}
 G - a potion of lignification {unknown}
 H - a potion of cancellation {unknown}


   Skills:
 + Level 9.6 Fighting
 + Level 9.7 Axes
 + Level 9.2 Armour
 + Level 8.4 Dodging


You had 9 spell levels left.
You didn't know any spells.
Your spell library was empty.

Dungeon Overview and Level Annotations

Branches:
Dungeon (8/15)             Temple (0/1) D:6           Sewer (visited)
   Lair: D:8-11

Altars:
Gozag
Nemelex Xobeh
Ru
Uskayaw
Wu Jian
The Shining One

Shops:
D:8 [

Annotations:
D:8 1 runed translucent door, Zonian's ghost, novice DEFE


Innate Abilities, Weirdness & Mutations

You have a pair of horns on your head.
You reflexively headbutt those who attack you in melee.


Message History

HP restored.
Found a stone staircase leading down.
No target in view! 2 slime creatures come into view.
The slime creature quivers.
A slime creature comes into view.
A slime creature comes into view.
The slime creature quivers. x2
There are monsters nearby!
A slime creature comes into view.
The slime creature quivers.
The slime creature hits you!
There are monsters nearby!
You barely miss the slime creature. You headbutt the slime creature.
The slime creature is lightly wounded.
You barely miss the slime creature. You completely miss the slime creature.
The slime creature hits you but does no damage.
Two slime creatures merge to form a large slime creature.
The slime creature hits you!
Two slime creatures merge to form a very large slime creature.
A red film seems to cover your vision as you go berserk!
You feel yourself moving faster!
You feel mighty! The slime creature closely misses you.
The slime creature hits you but does no damage.
The very large slime creature hits you!!!
You hear a croak.
Okay, then.
You hit the very large slime creature.
You headbutt the very large slime creature!!
The very large slime creature is lightly wounded.
You slash the slime creature! x2
Unknown command.
You are too injured to fight recklessly!
You hit the very large slime creature.
The very large slime creature is lightly wounded.
You hit the slime creature. You completely miss the slime creature.
The slime creature barely misses you. x2; You furiously retaliate!
You headbutt the slime creature!
The very large slime creature hits you!!!
You die...

####### #.....#
#.###.###
################.# #....
................###.###
##...........##.....#
.#.....#####...#########
......JJ#.........)))...
......J@#.##...##.######
.#....#....##.###.# #.#.
#.......# #.# #
#....##># #.# #.#.###.#
#.# # ..... ..# #.# #
...###### ..# # ###.# #
#. ###


You could see a very large slime creature and 2 slime creatures.

Vanquished Creatures
  A cyclops (D:7)
  2 kobold demonologists (D:8)
  Prince Ribbit (D:7)
  3 yaks (D:5)
  3 steam dragons
  2 water moccasins
  Pargi (Sewer)
  A sky beast (D:6)
  An ice beast (D:7)
  A black bear (D:8)
  2 ogres (D:6)
  2 centaurs
  2 kobold brigands
  A scorpion (D:4)
  A bullfrog (D:7)
  6 wights
  2 vampire bats (D:4)
  3 howler monkeys
  2 hounds (D:4)
  3 jellies
  4 orc priests
  Crazy Yiuf (D:3)
  3 sleepcaps
  Terence (D:2)
  6 iguanas
  4 orc wizards
  3 gnolls (D:2)
  8 adders
  A shadow imp (D:4)
  2 white imps
  2 ufetubi
  A worm (D:2)
  3 dart slugs
  15 orcs
  9 endoplasms
  7 giant cockroaches
  7 goblins
  10 hobgoblins
  12 kobolds
  2 quokkas
  4 ball pythons
  12 bats
  6 frilled lizards
  5 rats
168 creatures vanquished.

Notes
Turn   | Place    | Note
-------+----------+-------------------------------------------
     0 | D:1      | kiwi3s the Minotaur Berserker began the quest for the Orb.
     0 | D:1      | Reached XP level 1. HP: 19/19 MP: 0/0
   491 | D:1      | Reached XP level 2. HP: 27/27 MP: 1/1
   918 | D:2      | Reached XP level 3. HP: 33/33 MP: 2/2
  1016 | D:2      | Noticed Terence
  1026 | D:2      | Killed Terence
  1152 | D:2      | Reached XP level 4. HP: 40/40 MP: 3/3
  1155 | D:2      | Reached ** piety under Trog
  1840 | D:3      | Reached XP level 5. HP: 44/47 MP: 4/4
  1985 | D:3      | Found a faded altar of an unknown god.
  2078 | D:3      | Noticed a centaur
  2084 | D:3      | Killed a centaur
  2085 | D:3      | Reached skill level 5 in Axes
  2135 | D:3      | Found a glowing golden altar of the Shining One.
  2140 | D:3      | Reached skill level 5 in Fighting
  2282 | D:3      | Reached XP level 6. HP: 23/56 MP: 5/5
  2600 | D:3      | Found a hide-covered altar of Uskayaw.
  2657 | D:3      | Found a runed translucent door.
  2658 | D:3      | Noticed Crazy Yiuf
  2949 | D:3      | Killed Crazy Yiuf
  3160 | D:4      | Noticed a steam dragon
  3169 | D:4      | Killed a steam dragon
  3170 | D:4      | Reached skill level 5 in Armour
  3170 | D:4      | Reached XP level 7. HP: 62/62 MP: 6/6
  3238 | D:4      | Reached *** piety under Trog
  3239 | D:4      | Identified the +12 rapier of the New World {chaos, Fly
                  | rPois rF- Int+6}
  3545 | D:4      | Found a sacrificial altar of Ru.
  3562 | D:4      | Reached skill level 5 in Dodging
  3679 | D:5      | Entered Level 5 of the Dungeon
  3726 | D:5      | Noticed a yak
  3727 | D:5      | Reached XP level 8. HP: 42/71 MP: 7/7
  3907 | D:5      | Found a glowing drain.
  3917 | Sewer    | Entered a sewer
  4119 | Sewer    | Noticed Pargi
  4130 | Sewer    | Killed Pargi
  5106 | D:6      | Reached XP level 9. HP: 76/81 MP: 8/8
  5339 | D:6      | Reached **** piety under Trog
  5392 | D:6      | Found an ornate altar of the Wu Jian Council.
  5533 | D:6      | Found a staircase to the Ecumenical Temple.
  5587 | D:6      | Found an opulent altar of Gozag.
  5836 | D:6      | Upgraded the game from 0.31-a0-210-gccc998df9b to
                  | 0.31-a0-246-g8cbcc1cb85
  6445 | D:7      | Found a sparkling altar of Nemelex Xobeh.
  6745 | D:7      | Noticed Prince Ribbit
  6765 | D:7      | Killed Prince Ribbit
  7143 | D:7      | Noticed a cyclops
  7162 | D:7      | Killed a cyclops
  7450 | D:8      | Found Yzymath's Antique Armour Shop.
  7502 | D:8      | Found a runed translucent door.
  7502 | D:8      | Noticed Zonian's ghost (novice DEFE)
  7517 | D:8      | Reached XP level 10. HP: 91/91 MP: 9/9
  7626 | D:8      | Noticed an orange demon
  7628 | D:8      | Noticed a sixfirhy
  7766 | D:8      | Slain by a very large slime creature

Illustrated notes

Levels and vault maps discovered:
D:1:      shiori_arrival_oz, layout_basic, minmay_misc_feat_tower
D:2:      layout_basic, minmay_vboxes, uniq_terence
D:3:      layout_basic, amcnicky_altar_gilded, tso_metal_star,
          chequers_ecumenical_altar_grove, uniq_crazy_yiuf_cottage
D:4:      layout_rooms, nicolae_ru_the_path_less_chosen, roderic_batcave
D:5:      layout_rooms, cheibrodos_sewer_entry_drain, minmay_starry_boxes
D:6:      layout_basic, nzn_wu_jian_council_hall,
          mainiacjoe_overflow_concentric_impassable,
          minmay_temple_entry_sparse_star
D:7:      layout_basic, nemelex_spade_bored_becter,
          minmay_misc_feat_more_columns, minmay_microvault, uniq_prince_ribbit1
D:8:      layout_loops_ring, serial_shops, shop, hellmonk_ghost_happy_afterlife,
          minmay_tree_intersection

Skill      XL: |  1  2  3  4  5  6  7  8  9 |
---------------+----------------------------+-----
Fighting       | 4 5 6 7 9 |  9.6
Axes           | 4 5 6 8 9 |  9.7
Armour         | 3 4 5 6 7 9 |  9.2
Dodging        | 3 4 5 6 8 |  8.4

Action                     |  1- 3 |  4- 6 |  7- 9 | 10-12 || total
---------------------------+-------+-------+-------+-------++-------
  Melee: Hand axe          |    59 |   141 |   231 |    54 ||   485
         Headbutt          |     7 |    21 |    58 |     9 ||    95
         Punch             |     1 |     1 |     2 |     1 ||     5
  Throw: Throwing net      |       |       |     1 |       ||     1
 Invoke: Berserk           |     1 |     1 |     4 |     1 ||     7
    Use: Scroll            |       |       |     3 |       ||     3
   Stab: Paralysed         |       |       |       |     2 ||     2
 Armour: Animal skin       |     2 |       |       |       ||     2
         Leather armour    |     8 |    29 |    25 |       ||    62
         Plate armour      |       |       |    24 |       ||    24
         Chain mail        |       |       |    18 |    22 ||    40
  Dodge: Dodged            |    36 |    86 |   193 |    30 ||   345

Table legend: (Time is in decaauts)
 A = Elapsed time spent in this place.
 B = Non-inter-level travel time spent in this place.
 C = Inter-level travel time spent in this place.
 D = Time resting spent in this place.
 E = Time spent auto-exploring this place.
 F = Levels seen in this place.
 G = Mean time per level.
                   A        B        C        D        E       F      G
               +--------+--------+--------+--------+--------+-----+--------+
         Total |   7807 |   7561 |    246 |   1130 |   5241 |   9 |  867.4 |
       Dungeon |   7396 |   7150 |    246 |    976 |   5101 |   8 |  924.5 |
         Sewer |    411 |    411 |      0 |    154 |    140 |   1 |  411.0 |
               +--------+--------+--------+--------+--------+-----+--------+

Top non-repeatable levels by time:
     D:7: 1222 daAuts
     D:6: 1202 daAuts
     D:3: 1169 daAuts
     D:2: 1083 daAuts
     D:4: 830 daAuts
     D:5: 761 daAuts
     D:1: 761 daAuts
   Sewer: 411 daAuts
     D:8: 365 daAuts
